Map: Thunderbird LE

Players

Starlord - Winner!

  • Race: Terran Terran
  • League: Master
  • Spawn Location: 5:00

Chappy

  • Race: Zerg Zerg
  • League: Master
  • Spawn Location: 11:00

VOD

https://youtu.be/Pv2yHUKmPYo

Description

Time

  • Played on: July 29, 2019, 7:26 p.m.
  • Length: 9:09
Show
View Real Time Build Order
Export as new Build Order

Starlord Terran - Winner!

Build Orders: Liberator Opening 

Get SALT Encoding   

  12  0:01  SCV  
  13  0:13  SCV  
  14  0:18  Supply Depot  
  14  0:25  SCV  
  15  0:31  Refinery  
  15  0:39  SCV  
  16  0:45  Barracks  
  16  0:51  SCV  
  17  1:04  SCV  
  18  1:16  SCV  
  19  1:31  Orbital Command  
  19  1:32  Barracks Reactor  
  19  1:41  Command Center  
  19  1:50  Supply Depot  
  19  1:57  SCV  
  20  2:03  Factory  
  20  2:08  Marine x2  
  21  2:12  SCV  
  23  2:17  Refinery  
  23  2:25  SCV  
  23  2:26  Marine x2  
  26  2:44  Marine x2  
  26  2:45  SCV  
  26  2:48  Factory Reactor, Starport  
  29  2:58  SCV  
  30  3:00  Orbital Command  
  30  3:10  SCV  
  31  3:14  Marine x2  
  33  3:22  SCV  
  34  3:28  SCV  
  34  3:31  Medivac x2  
  34  3:32  Widow Mine  
  34  3:34  SCV, Marine  
  41  3:36  Marine  
  41  3:39  Supply Depot  
  44  3:42  SCV  
  44  3:48  SCV  
  46  3:52  Liberator  
  46  4:00  SCV, Marine x2  
  49  4:10  Factory Tech Lab  
  49  4:12  Supply Depot  
  49  4:14  SCV  
  53  4:19  SCV  
  53  4:21  Barracks  
  53  4:22  Barracks x2  
  54  4:27  Engineering Bay  
  54  4:33  Marine  
  55  4:46  SCV x2  
  55  4:49  Siege Tank  
  55  4:50  Refinery  
  60  5:00  Barracks  
  60  5:01  Barracks  
  60  5:02  SCV  
  60  5:05  Marine  
  62  5:24  Liberator  
  62  5:36  Barracks Tech Lab  
  62  5:37  Barracks Tech Lab  
  62  5:39  Supply Depot x2, Barracks Reactor  
  62  5:41  SCV x2, Marine  
  68  5:53  SCV x2  
  69  6:02  Combat Shield, Marine  
  69  6:03  Marine x3, Stimpack  
  69  6:04  Marine x2  
  66  6:05  SCV, Siege Tank  
  66  6:08  Supply Depot  
  66  6:10  Supply Depot, Refinery  
  71  6:15  Medivac  
  71  6:17  SCV  
  71  6:18  SCV  
  75  6:19  Marine  
  75  6:21  Marine  
  75  6:22  Marine x2  
  75  6:23  Marine x2  
  81  6:26  Terran Infantry Weapons Level 1  
  81  6:30  SCV  
  81  6:31  Supply Depot  
  81  6:32  Supply Depot  
  82  6:34  Marine  
  82  6:36  Barracks Reactor  
  82  6:37  Marine  
  82  6:39  Marine  
  85  6:40  Marine x2  
  85  6:41  Marine  
  85  6:43  SCV  
  85  6:46  Marine  
  90  6:52  Marine  
  91  6:55  Marine  
  91  6:57  Marine  
  91  6:58  Marine  
  94  7:01  Marine x2  
  94  7:02  Siege Tank  
  94  7:03  Medivac  
  94  7:04  SCV  
  102  7:09  Supply Depot  
  102  7:10  Supply Depot  
  102  7:12  Supply Depot, Marine  
  103  7:19  Medivac  
  103  7:20  Marine  
  106  7:23  Marine x2  
  106  7:29  Marine x4  
  111  7:34  Supply Depot, Siege Tank  
  111  7:36  Marine x2  
  117  7:45  Marine x3  
  117  7:47  Marine  
  119  7:55  Marine  
  112  8:01  Marine  
  113  8:06  Marine x4  
  113  8:07  Marine x3  
  113  8:10  Supply Depot x2  
  120  8:22  Command Center  
  117  8:28  Medivac, Marine, Siege Tank  
  121  8:44  Marine x3  
  121  8:46  Marine x4  
  121  8:47  Marine x2  
Show
View Real Time Build Order
Export as new Build Order

Chappy Zerg 

Build Orders: Hatch First 

Get SALT Encoding   

  12  0:01  Drone  
  13  0:12  Overlord  
  13  0:16  Drone  
  14  0:32  Drone x2  
  16  0:49  Hatchery  
  15  0:53  Drone  
  15  0:56  Drone  
  17  0:58  Drone  
  18  1:10  Extractor  
  17  1:14  Spawning Pool  
  17  1:17  Drone  
  17  1:21  Drone  
  18  1:27  Drone  
  19  1:40  Drone  
  20  1:52  Drone  
  21  2:01  Queen x2  
  21  2:02  Zergling x4  
  27  2:15  Hatchery  
  27  2:22  Overlord  
  26  2:25  Drone  
  26  2:28  Drone  
  28  2:35  Metabolic Boost  
  28  2:40  Queen  
  28  2:43  Drone  
  31  2:46  Drone  
  32  2:51  Drone  
  32  2:54  Overlord  
  32  2:58  Drone x2  
  35  3:06  Drone  
  35  3:08  Overlord  
  34  3:15  Zergling x8  
  38  3:21  Queen  
  38  3:24  Drone x2  
  42  3:27  Drone  
  42  3:31  Queen  
  45  3:39  Drone x3  
  45  3:40  Drone  
  49  3:47  Overlord  
  49  3:53  Drone x3  
  49  3:54  Drone x3  
  55  4:04  Queen  
  55  4:05  Overlord  
  55  4:08  Drone  
  58  4:22  Queen  
  59  4:26  Drone x4  
  59  4:27  Zergling x4  
  65  4:37  Overlord  
  65  4:43  Overlord  
  65  4:47  Overlord  
  65  4:52  Overlord  
  64  4:56  Overlord  
  63  5:00  Overlord, Spore Crawler  
  63  5:02  Zergling x4  
  63  5:03  Zergling x4  
  66  5:07  Lair  
  66  5:10  Zergling x12  
  66  5:11  Baneling Nest  
  70  5:21  Zergling x14  
  73  5:27  Drone x2  
  78  5:34  Drone x4  
  78  5:35  Queen  
  82  5:40  Evolution Chamber x2  
  82  5:41  Drone x2  
  84  5:47  Drone  
  84  5:48  Drone  
  86  5:50  Drone  
  84  5:58  Drone  
  84  5:59  Drone  
  84  6:01  Drone x2  
  84  6:02  Drone x2  
  90  6:04  Extractor  
  90  6:11  Centrifical Hooks  
  89  6:13  Drone x3  
  89  6:15  Overlord  
  89  6:16  Extractor  
  91  6:24  Zerg Ground Armor Level 1  
  91  6:25  Drone x3, Hatchery  
  93  6:27  Overlord  
  93  6:31  Hatchery  
  92  6:34  Extractor  
  92  6:35  Extractor, Drone x4  
  92  6:36  Drone x2  
  96  6:42  Overlord  
  96  6:43  Spore Crawler  
  96  6:45  Zerg Melee Weapons Level 1  
  96  6:46  Queen  
  97  6:51  Drone  
  97  6:53  Zergling x12  
  104  6:57  Extractor  
  104  6:59  Hydralisk Den  
  102  7:05  Zergling x18  
  102  7:07  Baneling x5  
  109  7:10  Zergling x10  
  114  7:16  Baneling x5  
  113  7:22  Queen  
  113  7:23  Queen x2  
  113  7:25  Baneling x5  
  113  7:26  Zergling x4  
  120  7:35  Zergling x4  
  120  7:36  Overlord  
  122  7:41  Drone x6  
  125  7:56  Drone x10  
  121  8:00  Drone  
  122  8:10  Drone x2  
  122  8:11  Drone x2  
  122  8:12  Spore Crawler  
  125  8:14  Drone x2  
  125  8:15  Zergling x6  
  125  8:18  Drone x3  
  123  8:21  Baneling x6  
  123  8:22  Zergling x2  
  121  8:33  Zergling x2  
  121  8:34  Zergling x20  
  119  8:45  Zergling x16  
  113  8:53  Baneling x5  
Tags
 
Add a new tag
Caveats
  • Supply blocks, unpowered buildings, or Contaminate may cause inaccurate times.
  • Supply counts are checked every 10 seconds.